 Dungeon Crawl Stone Soup version 0.21.0 (webtiles) character file.

183 Leibowitz the Cutter (level 5, 0/32 HPs)
             Began as a Kobold Gladiator on Jan 7, 2018.
             Was a Believer of Wu Jian.
             Slain by Natasha (9 damage)
             ... on level 3 of the Dungeon.
             The game lasted 00:07:06 (3460 turns).

Leibowitz the Cutter (Kobold Gladiator)             Turns: 3460, Time: 00:07:07

Health: 0/32       AC:  4    Str: 12    XL:     5   Next: 94%
Magic:  5/5        EV: 17    Int:  9    God:    Wu Jian [**....]
Gold:   94         SH:  0    Dex: 17    Spells: 4/4 levels left

rFire    . . .     SeeInvis .   a - +0 rapier
rCold    . . .     Gourm    .   (shield restricted)
rNeg     . . .     Faith    .   b - +0 leather armour
rPois    .         Spirit   .   c - +0 helmet
rElec    .         Reflect  .   (no cloak)
rCorr    .         Harm     .   (no gloves)
MR       .....                  (no boots)
Stlth    ++........             (no amulet)
HPRegen  0.10/turn              (no ring)
MPRegen  0.09/turn              (no ring)

@: no status effects
A: small, carnivore
a: Wall Jump, Renounce Religion


You were on level 3 of the Dungeon.
You worshipped Wu Jian.
Wu Jian was pleased with you.
You were completely stuffed.

You visited 1 branch of the dungeon, and saw 3 of its levels.

You collected 94 gold pieces.

Inventory:

Hand Weapons
 a - a +0 rapier (weapon)
Missiles
 d - a throwing net (quivered)
 m - 7 curare-tipped needles
Armour
 b - a +0 leather armour (worn)
 c - a +0 helmet (worn)
Wands
 r - a wand of digging (13)
Scrolls
 e - a scroll of enchant weapon {unknown}
 g - a scroll of fear {unknown}
 j - 3 scrolls of identify {unknown}
 k - a scroll of magic mapping {unknown}
 l - 5 scrolls of teleportation {unknown}
 q - a scroll of enchant armour {unknown}
 s - a scroll of remove curse {unknown}
Potions
 h - 2 potions of haste {unknown}
 i - a potion of curing {unknown}
 n - a potion of heal wounds {unknown}
 o - a potion of cancellation {unknown}
 p - a potion of might {unknown}
 u - a potion of lignification {unknown}
Comestibles
 f - 8 rations


   Skills:
 * Level 2.9 Fighting
 * Level 6.4 Short Blades
 - Level 2.1 Throwing
 + Level 0.8 Armour
 * Level 4.5 Dodging
 * Level 2.3 Stealth


You had 4 spell levels left.
You didn't know any spells.

Dungeon Overview and Level Annotations

Branches:
Dungeon (3/15)

Altars:
Wu Jian

Annotations:
D:3 Ijyb, Natasha


Innate Abilities, Weirdness & Mutations

You are small and have problems with some larger weapons.
You are carnivorous and can eat meat at any time.


Message History

Ijyb is almost dead.
Ijyb closely misses you. Natasha closely misses you.
You hit Ijyb.
Ijyb is almost dead.
Ijyb hits you but does no damage. Natasha completely misses you.
You hit Ijyb but do no damage.
Ijyb is almost dead.
Ijyb barely misses you.
You hit Ijyb but do no damage.
Ijyb is almost dead.
Natasha claws you! Ijyb hits you but does no damage.
You closely miss Ijyb.
Ijyb is almost dead.
Natasha casts a spell.
You completely miss Ijyb.
Ijyb is almost dead.
Ijyb hits you with an enchanted club!
* * * LOW HITPOINT WARNING * * *
Natasha claws you!
You die...

#.† h.##########.#
..>..........).
.......######†#
#......# ##)#
#......#####...
#......##..'...
######......##.##...
#.g@h.5.....##.##...
#.####......##.##...
# #..........#..####
#.#####.##.##.# #
#.# #.##.##.####
#.#####.##.##.#..'
#.......##.##.#.##
##########.##.#.##
#.##.#.##


You could see Ijyb, Natasha and a crimson imp.

Vanquished Creatures
  Jessica (D:3)
  Natasha (D:3)
  Robin (D:3)
  3 adders
  An ooze (D:1)
  2 worms (D:2)
  3 dart slugs (D:1)
  4 orcs (D:3)
  8 bats
  A giant cockroach (D:3)
  12 hobgoblins
  6 jackals
  3 frilled lizards (D:2)
  10 goblins
  10 kobolds
  6 rats
72 creatures vanquished.

Notes
Turn   | Place    | Note
-------+----------+-------------------------------------------
     0 | D:1      | Leibowitz the Kobold Gladiator began the quest for the Orb.
     0 | D:1      | Reached XP level 1. HP: 12/12 MP: 1/1
    99 | D:1      | Reached XP level 2. HP: 17/17 MP: 2/2
   496 | D:1      | Reached XP level 3. HP: 21/21 MP: 3/3
   719 | D:1      | Reached skill level 1 in Stealth
   940 | D:2      | Reached skill level 5 in Short Blades
  1223 | D:2      | Reached XP level 4. HP: 18/27 MP: 4/4
  1613 | D:2      | Found a faded altar of an unknown god.
  1851 | D:2      | Became a worshipper of the Wu Jian Council
  1851 | D:2      | Reached * piety under Wu Jian
  2206 | D:3      | Noticed Robin
  2492 | D:3      | Killed Robin
  2492 | D:3      | Reached XP level 5. HP: 14/31 MP: 5/5
  2945 | D:3      | Reached skill level 6 in Short Blades
  3051 | D:3      | Reached ** piety under Wu Jian
  3223 | D:3      | Noticed Jessica
  3225 | D:3      | Noticed Natasha
  3227 | D:3      | Killed Jessica
  3239 | D:3      | Killed Natasha
  3427 | D:3      | Noticed Natasha
  3427 | D:3      | Noticed Ijyb
  3460 | D:3      | Slain by Natasha

Skill      XL: |  1  2  3  4  5 |
---------------+----------------+-----
Dodging        | 4 |  4.5
Stealth        | 1 2 |  2.3
Short Blades   | 5 6 |  6.4
Fighting       | |  2.9
Throwing       | |  2.1
Armour         | |  0.8

Action                   |  1- 3 |  4- 6 || total
-------------------------+-------+-------++-------
Melee: Rapier            |   108 |   220 ||   328
Throw: Throwing net      |       |     2 ||     2
Invok: Lunge             |       |    19 ||    19
       Whirlwind         |       |     2 ||     2
 Stab: Sleeping          |     1 |     2 ||     3
       Held in net/web   |       |     2 ||     2
  Eat: Chunk             |     7 |    10 ||    17
Armor: Leather armour    |    16 |    29 ||    45
Dodge: Dodged            |    77 |   136 ||   213
